 Dungeon Crawl Stone Soup version 0.28-a0-1159-g27aa881441 (webtiles) character file.

Game seed: 16067522897789340477

15743 Snarg the Cleaver (level 11, -11/95 HPs)
             Began as a Demigod Wanderer on Dec 15, 2021.
             Mangled by a seven-headed hydra (14 damage)
             ... on level 3 of the Lair of Beasts on Dec 16, 2021.
             The game lasted 01:32:36 (15890 turns).

Snarg the Cleaver (Demigod Wanderer)               Turns: 15890, Time: 01:32:37

Health: -11/95     AC:  7    Str: 21    XL:     11   Next: 73%
Magic:  14/18      EV: 14    Int: 15    God:
Gold:   905        SH:  0    Dex: 16    Spells: 1/14 levels left

rFire   + + .      SeeInvis .   b - +7 arbalest of the Median {vorpal, rElec rF++}
rCold   . . .      Faith    .   (shield currently unavailable)
rNeg    + . .      Spirit   .   e - +1 troll leather armour
rPois   +          Reflect  .   n - +0 helmet
rElec   +          Harm     .   (no cloak)
rCorr   .          Rampage  .   (no gloves)
Will    +....                   (no boots)
Stlth   ++........              c - amulet of the acrobat
HPRegen 1.05/turn               t - ring of poison resistance
MPRegen 0.16/turn               F - ring of positive energy

@: very slightly contaminated, studying Staves
A: high mp 1, forlorn, divine attributes
a: no special abilities


You were on level 3 of the Lair of Beasts.
You visited 2 branches of the dungeon, and saw 13 of its levels.
You also visited: Sewer and Ossuary.

You collected 906 gold pieces.
You spent 1 gold pieces at shops.

Inventory:

Hand Weapons
 a - a +1 hand axe of flaming
 b - the +7 arbalest of the Median (weapon) {vorpal, rElec rF++}
   (You found it on level 4 of the Dungeon)

   Any ammunition fired from it inflicts extra damage upon your enemies.
   rF:        It greatly protects you from fire.
   rElec:     It insulates you from electricity.
 f - a +6 broad axe of freezing
 v - a +1 whip of venom
Missiles
 i - 369 stones
 p - 41 poisoned darts
 x - a throwing net
 y - 35 bolts (quivered ammo)
 J - 5 javelins
 U - 3 atropa-tipped darts
Armour
 e - a +1 troll leather armour (worn)
 n - a +0 helmet (worn)
 C - a +0 buckler
Jewellery
 c - an amulet of the acrobat (around neck)
 r - a ring of positive energy
 t - a ring of poison resistance (left hand)
 F - a ring of positive energy (right hand)
 M - an amulet of regeneration
 V - a ring of resist corrosion
 W - an amulet of magic regeneration
Wands
 l - a wand of mindburst (7)
 H - a wand of acid (4)
 L - a wand of polymorph (8)
 T - a wand of flame (20)
 X - a wand of paralysis (3)
Scrolls
 d - 3 scrolls of teleportation
 m - a scroll of enchant armour
 o - 3 scrolls of brand weapon
 w - 2 scrolls of vulnerability
 z - a scroll of enchant weapon
 O - a scroll of amnesia {unknown}
 P - 3 scrolls of immolation
 Q - a scroll of silence
Potions
 g - 3 potions of heal wounds
 h - a potion of cancellation
 j - 3 potions of haste
 k - 2 potions of brilliance
 q - 3 potions of curing
 s - a potion of flight
 A - a potion of attraction
 B - a potion of resistance
 E - 3 potions of might
 R - a potion of berserk rage
 S - 2 potions of ambrosia
Miscellaneous
 u - a lightning rod (4/4)


   Skills:
 + Level 8.6 Fighting
 + Level 11.0 Axes
 - Level 0.4 Bows
 - Level 3.0 Crossbows
 - Level 2.0 Throwing
 + Level 6.3 Armour
 - Level 5.0 Dodging
 - Level 4.0 Stealth
 + Level 2.4 Spellcasting
 + Level 7.2 Translocations
 - Level 0.1 Earth Magic
 - Level 2.0 Evocations


You had one spell level left.
You knew the following spells:

 Your Spells              Type           Power      Damage    Failure   Level
a - Blink                 Tloc           46%        N/A       1%          2
b - Teleport Other        Tloc           23%        N/A       3%          3
c - Gell's Gravitas       Tloc           23%        N/A       3%          3
d - Manifold Assault      Tloc           23%        N/A       34%         5

Your spell library contained the following spells:

 Spells                   Type           Power      Damage    Failure   Level
 Foxfire                  Conj/Fire      4%         2x1d4     24%         1
 Slow                     Hex            4%         N/A       24%         1
 Lesser Beckoning         Tloc           23%        N/A       3%          3
 Corpse Rot               Necr/Air       2%         N/A       36%         2
 Poisonous Vapours        Pois/Air       2%         N/A       36%         2
 Confusing Touch          Hex            1%         N/A       58%         3
 Conjure Flame            Conj/Fire      1%         6-21      58%         3
 Inner Flame              Hex/Fire       1%         N/A       58%         3
 Ozocubu's Armour         Ice            1%         N/A       58%         3
 Vampiric Draining        Necr           1%         2d6       58%         3
 Dispersal                Tloc           11%        N/A       89%         6
 Dispel Undead            Necr           1%         3d6       94%         4
 Flame Wave               Conj/Fire      1%         2d4       94%         4
 Fireball                 Conj/Fire      0%         3d3       100%        5
 Iskenderun's Battlesphe  Conj           1%         2d6       100%        5
 Conjure Ball Lightning   Conj/Air       0%         3x3d6     100%        6
 Death Channel            Necr           0%         N/A       100%        6
 Orb of Destruction       Conj           0%         N/A       100%        7
 Ozocubu's Refrigeration  Ice            0%         4d5       100%        7


Dungeon Overview and Level Annotations

Branches:
Dungeon (10/15)            Temple (0/1) D:7            Lair (3/6) D:9
  Snake (0/4) Lair:2        Sewer (visited)         Ossuary (visited)
  Swamp: Lair:2-4    Shoals: Lair:2-4       Orc: D:9-12

Shops:
D:9 *

Annotations:
D:1 clr
D:2 clr
D:3 clr
D:4 clrc
D:5 clr
D:6 clr
D:7 exclusion: oklob sapling
D:8 clr
D:9 clr
Lair:1 clr
Lair:2 exclusion: electric eel


Innate Abilities, Weirdness & Mutations

You have an increased reservoir of magic. (+10% MP)
You shall have no god before yourself.
Your divine heritage dramatically boosts your attributes as you level up.


Message History

The seven-headed hydra bites you.
The seven-headed hydra barely misses you.
Unknown command.
Casting: Blink (safe; 1% risk of failure)
Confirm with . or Enter, or press ? or * to list all spells.
You blink.
Your +1 hand axe of flaming stops flaming.
b - the +7 arbalest of the Median (weapon)
{vorpal, rElec rF++} The seven-headed hydra is no longer covered in acid.
You shoot a bolt. The bolt hits the seven-headed hydra!
The seven-headed hydra is severely wounded.
You feel stable enough to blink again.
You see here 2 javelins.
Fire: 36 bolts
Press: ? - help, Q - select action, (/) - cycle Shift-Dir - straight line, f/p - seven-headed hydra
Aim: a seven-headed hydra (severely wounded, 84% to hit)
You shoot a bolt. The bolt hits the seven-headed hydra!
The seven-headed hydra is almost dead.
The seven-headed hydra bites you!
The seven-headed hydra closely misses you.
The seven-headed hydra bites you! x2
The seven-headed hydra completely misses you.
The seven-headed hydra bites you!
The seven-headed hydra barely misses you.
Unknown command.
Unknown command.
Casting: Blink (safe; 1% risk of failure)
Confirm with . or Enter, or press ? or * to list all spells.
You miscast Blink.
You are very lightly contaminated with residual magic.
Nothing appears to happen.
The seven-headed hydra barely misses you.
The seven-headed hydra bites you!
* * * LOW HITPOINT WARNING * * *
The seven-headed hydra barely misses you.
The seven-headed hydra bites you but does no damage. x2
The seven-headed hydra bites you!
* * * LOW HITPOINT WARNING * * *
The seven-headed hydra bites you!
You die...

#. ####.
#..#.##
#.....####
##...(....#
#.........##
##..........#
#P.....@....###
#......D......#
##.....(.....##
#............##
#.............#
#.....(.....###
#...........#
##..........#
###.......##


You could see a seven-headed hydra.

Vanquished Creatures
  A boulder beetle (Lair:2)
  2 hydras
  Erica (D:8)
  9 elephants
  A gargoyle (D:10)
  2 rime drakes (Lair:2)
  2 cane toads (Lair:2)
  2 komodo dragons (Lair:1)
  2 trolls
  A shadow (D:9)
  A wyvern (D:9)
  9 yaks
  Menkaure (D:7)
  10 water moccasins
  An ice beast (D:7)
  A black bear (D:7)
  A hornet zombie (D:7)
  4 orc warriors
  An ogre (D:6)
  7 necrophages
  9 wolves
  3 centaurs
  A phantom (D:5)
  An elf zombie (Ossuary)
  4 kobold brigands
  8 bullfrogs
  A wyvern zombie (D:6)
  2 scorpions
  A water moccasin zombie (D:5)
  A water moccasin skeleton (D:5)
  A killer bee (D:8)
  6 electric eels
  4 wights
  2 howler monkeys
  2 centaur zombies
  A bullfrog zombie (D:7)
  4 hounds
  3 jellies
  A gnoll shaman (D:5)
  6 orc priests
  A centaur skeleton (D:7)
  Jessica (D:2)
  A bullfrog skeleton (D:7)
  An iguana (D:5)
  8 orc wizards
  Ijyb (D:3)
  A killer bee zombie (D:8)
  2 hound zombies (Ossuary)
  A hound skeleton (D:4)
  4 mummies (Ossuary)
  Robin (D:2)
  A howler monkey zombie (D:8)
  5 adders
  6 gnolls
  A shadow imp (D:5)
  An ufetubus (D:6)
  5 worms
  5 dart slugs
  35 orcs
  12 bats
  6 endoplasms
  4 giant cockroaches
  A gnoll zombie (Ossuary)
  14 hobgoblins
  3 jackals
  17 kobolds
  8 quokkas
  14 ball pythons
  A frilled lizard (D:3)
  22 goblins
  2 goblin zombies (Ossuary)
  A hobgoblin zombie (Ossuary)
  A jackal zombie (Ossuary)
  2 kobold zombies (Ossuary)
  An orc zombie (Ossuary)
  7 rats
  A rat zombie (Ossuary)
318 creatures vanquished.

Vanquished Creatures (others)
  41 fungi
  85 plants
  2 withered plants (D:8)
128 creatures vanquished.

Grand Total: 446 creatures vanquished

Notes
Turn   | Place    | Note
-------+----------+-------------------------------------------
     0 | D:1      | Snarg the Demigod Wanderer began the quest for the Orb.
     0 | D:1      | Snarg set off with the following items: a +0 hand axe, 4
                  | throwing nets, a +0 leather armour, a scroll of
                  | teleportation
     0 | D:1      | Reached XP level 1. HP: 16/16 MP: 4/4
   568 | D:1      | Reached XP level 2. HP: 11/23 MP: 5/5
   802 | D:1      | Reached skill level 2 in Axes
  1228 | D:1      | Reached skill level 1 in Stealth
  1547 | D:2      | Reached XP level 3. HP: 24/28 MP: 6/6
  1810 | D:2      | Noticed Robin
  1886 | D:2      | Killed Robin
  2192 | D:2      | Reached XP level 4. HP: 35/35 MP: 8/8
  2725 | D:2      | Reached skill level 1 in Armour
  2725 | D:2      | Reached skill level 5 in Dodging
  2728 | D:2      | Reached skill level 3 in Axes
  2902 | D:2      | Noticed Jessica
  2922 | D:2      | Killed Jessica
  2923 | D:2      | Reached XP level 5. HP: 20/40 MP: 9/9
  4012 | D:3      | Noticed Ijyb
  4029 | D:3      | Killed Ijyb
  4494 | D:4      | Learned a level 2 spell: Blink
  4753 | D:4      | Identified the +7 arbalest of the Median {vorpal, rElec
                  | rF++}
  5275 | D:4      | Noticed a necrophage
  5808 | D:4      | Reached XP level 6. HP: 31/48 MP: 10/10
  6045 | D:4      | Reached skill level 4 in Axes
  6186 | D:5      | Entered Level 5 of the Dungeon
  6189 | D:5      | Reached skill level 1 in Translocations
  6615 | D:5      | Reached XP level 7. HP: 38/55 MP: 11/11
  6622 | D:5      | Reached skill level 5 in Axes
  7495 | D:6      | Reached skill level 6 in Axes
  7617 | D:6      | Reached XP level 8. HP: 39/61 MP: 12/12
  7628 | D:6      | Found a glowing drain.
  7654 | Sewer    | Entered a sewer
  8188 | D:6      | Reached skill level 5 in Armour
  8601 | D:6      | Learned a level 3 spell: Teleport Other
  9656 | D:7      | Noticed Menkaure
  9659 | D:7      | Killed Menkaure
  9660 | D:7      | Reached skill level 5 in Translocations
  9779 | D:7      | Found a staircase to the Ecumenical Temple.
  9827 | D:7      | Reached XP level 9. HP: 61/70 MP: 14/14
 10469 | D:8      | Identified 2 scrolls of acquirement
 10530 | D:8      | Reached skill level 7 in Axes
 10537 | D:8      | Found a sand-covered staircase.
 10542 | Ossuary  | Entered an ossuary
 10911 | D:8      | Reached skill level 8 in Axes
 11094 | D:8      | Noticed Erica
 11109 | D:8      | Killed Erica
 11110 | D:8      | Reached skill level 5 in Fighting
 11217 | D:8      | Learned a level 3 spell: Gell's Gravitas
 11639 | D:8      | Reached skill level 1 in Evocations
 11792 | D:8      | Reached XP level 10. HP: 69/81 MP: 16/16
 11982 | D:8      | Reached skill level 9 in Axes
 12043 | D:9      | Found a staircase to the Lair.
 12145 | D:9      | Found Axzenea's Lightly-Used Armoury.
 12153 | D:9      | Bought a -2 executioner's axe for 1 gold piece
 12495 | D:9      | Acquired an amulet of the acrobat
 12529 | D:10     | Entered Level 10 of the Dungeon
 12758 | D:10     | Reached skill level 1 in Crossbows
 13125 | D:10     | Learned a level 5 spell: Manifold Assault
 13243 | Lair:1   | Entered Level 1 of the Lair of Beasts
 13440 | Lair:1   | Acquired a +6 broad axe of freezing
 14157 | Lair:1   | Noticed a six-headed hydra
 14169 | Lair:1   | Killed a one-headed hydra
 14170 | Lair:1   | Reached skill level 10 in Axes
 14170 | Lair:1   | Reached XP level 11. HP: 60/91 MP: 17/17
 15327 | Lair:2   | Found a staircase to the Snake Pit.
 15606 | Lair:3   | Noticed a four-headed hydra
 15623 | Lair:3   | Killed a four-headed hydra
 15624 | Lair:3   | Noticed a boulder beetle
 15795 | Lair:2   | Killed a boulder beetle
 15796 | Lair:2   | Reached skill level 11 in Axes
 15872 | Lair:3   | Noticed an eight-headed hydra
 15890 | Lair:3   | HP: 3/95 [seven-headed hydra (15)]
 15890 | Lair:3   | Mangled by a seven-headed hydra

Illustrated notes

Levels and vault maps discovered:
D:1:      dpeg_arrival_connections, layout_loops_ring
D:2:      minmay_razor_zed, layout_rooms, uniq_robin, uniq_jessica
D:3:      layout_basic, serial_curves, eino_curves_02, eino_curves_02,
          eino_curves_04, eino_curves_03, dreamdust_ecumenical_altar_statues,
          uniq_ijyb
D:4:      corexii_shack_village, layout_cave_pods,
          chequers_temple_overflow_statue_of_worship, wad_orctagon
D:5:      layout_rooms, glass_columns_c
D:6:      layout_loops_ring, cheibrodos_sewer_entry_drain
D:7:      layout_loops_ring, minmay_temple_entry_oklob, uniq_menkaure
D:8:      layout_loops_ring, serial_undead, serial_undead_f, serial_undead_b,
          serial_undead_a, serial_undead_d, enter_ossuary_5, uniq_erica
D:9:      layout_cave_pools, due_lair_maze_entry_diamond, minmay_shop_damaged
D:10:     layout_basic, blue_anna_alchemist
Lair:1:   layout_concentric_octagons, nicolae_lair_grove_arrangements,
          nicolae_quartered_pool_super
Lair:2:   layout_loops_ring, minmay_snake_entry_guardpost_medium, st_stairs_13,
          serial_bayou_lake_a, lemuel_fruit_fields, serial_bayou_shore_b
Lair:3:   layout_cave_pods, st_stairs_4, serial_bayou_shore_a

Skill      XL: |  1  2  3  4  5  6  7  8  9 10 11 |
---------------+----------------------------------+-----
Axes           | 2 3 4 6 8 10 11 | 11.0
Stealth        | 1 2 3 4 |  4.0
Armour         | 1 2 4 5 6 |  6.3
Dodging        | 5 |  5.0
Fighting       | 2 3 5 6 8 |  8.6
Translocations | 1 2 5 6 7 |  7.2
Throwing       | 2 |  2.0
Spellcasting   | 2 |  2.4
Evocations     | 1 2 |  2.0
Crossbows      | 3 |  3.0
Bows           | |  0.4
Earth Magic    | |  0.1

Action                   |  1- 3 |  4- 6 |  7- 9 | 10-12 || total
-------------------------+-------+-------+-------+-------++-------
Melee: Hand axe          |   150 |   257 |   431 |   194 ||  1032
       Whip              |       |       |    10 |     4 ||    14
       Broad axe         |       |       |       |   106 ||   106
 Fire: Arbalest          |       |     8 |    52 |    96 ||   156
Throw: Stone             |    16 |    47 |    84 |    20 ||   167
       Throwing net      |     2 |     2 |     2 |       ||     6
       Dart              |       |     1 |    10 |     5 ||    16
       Javelin           |       |       |       |     2 ||     2
 Cast: Gell's Gravitas   |       |       |     1 |     1 ||     2
       Blink             |       |       |       |    15 ||    15
Evoke: Wand              |       |       |     3 |     9 ||    12
  Use: Scroll            |     1 |     7 |     6 |     8 ||    22
       Potion            |       |       |     5 |     4 ||     9
 Stab: Sleeping          |     2 |     5 |     4 |     2 ||    13
       Held in net/web   |       |     1 |     2 |       ||     3
       Distracted        |       |       |     1 |       ||     1
Armor: Leather armour    |    20 |       |       |       ||    20
       Ring mail         |    15 |    77 |   119 |    19 ||   230
       Troll leather arm |       |       |       |    72 ||    72
Dodge: Dodged            |   121 |   162 |   264 |   287 ||   834

Table legend: (Time is in decaauts)
 A = Elapsed time spent in this place.
 B = Non-inter-level travel time spent in this place.
 C = Inter-level travel time spent in this place.
 D = Time resting spent in this place.
 E = Time spent auto-exploring this place.
 F = Levels seen in this place.
 G = Mean time per level.
                   A        B        C        D        E       F      G
               +--------+--------+--------+--------+--------+-----+--------+
         Total |  16053 |  15123 |    930 |   2834 |   8148 |  15 | 1070.2 |
       Dungeon |  12940 |  12150 |    790 |   2400 |   6682 |  10 | 1294.0 |
          Lair |   2693 |   2553 |    140 |    362 |   1336 |   3 |  897.7 |
         Sewer |    214 |    214 |      0 |     72 |     28 |   1 |  214.0 |
       Ossuary |    204 |    204 |      0 |      0 |    102 |   1 |  204.0 |
               +--------+--------+--------+--------+--------+-----+--------+

Top non-repeatable levels by time:
     D:1: 2048 daAuts
     D:4: 1923 daAuts
     D:2: 1584 daAuts
  Lair:1: 1518 daAuts
     D:6: 1484 daAuts
     D:8: 1214 daAuts
     D:7: 1206 daAuts
     D:5: 1163 daAuts
  Lair:2: 1061 daAuts
     D:3: 956 daAuts
    D:10: 717 daAuts
     D:9: 641 daAuts
   Sewer: 214 daAuts
 Ossuary: 204 daAuts
  Lair:3: 113 daAuts
